 Dungeon Crawl Stone Soup version 0.32-a0-918-g0f22ef8d61 (webtiles) character file.

Game seed: 9232299281616446464

3584 ezpacito the Chopper (level 10, -7/76 HPs)
             Began as a Coglin Chaos Knight on Apr 11, 2024.
             Was a Plaything of Xom.
             Killed from afar by a steam dragon (36 damage)
             ... with a ball of steam
             ... on level 8 of the Dungeon.
             The game lasted 00:08:08 (5725 turns).

ezpacito the Chopper (Coglin Chaos Knight)          Turns: 5725, Time: 00:08:08

Health: -7/76      AC: 15    Str: 20    XL:     10   Next: 10%
Magic:  7/7        EV: 11    Int: 12    God:    Xom [.*....]
Gold:   272        SH:  0    Dex: 12    Spells: 4/15 levels left

rFire   x . .        p - +10 broad axe "Ileunam" {chaos, rElec rF- Will+ MP+9}
rCold   + . .        F - +0 trident (antimagic) {Ekveer}
rNeg    . . .        k - +5 ring mail of Pan-Flutes {SInv}
rPois   .            y - +2 hat
rElec   +            (no cloak)
rCorr   .            (no gloves)
SInv    +            (no boots)
Will    +....        (amulet unavailable)
Stlth   ++           (ring unavailable)
HPRegen 0.32/turn    (ring unavailable)
MPRegen 0.10/turn    (no gizmo)

%: clarity
@: revving
A: off-hand wielding, slow wielding, warmup strikes, no jewellery, iridescent
scales 1, clarity, cold resistance 1, strong 1
a: Invent Gizmo, Renounce Religion


You were on level 8 of the Dungeon.
You worshipped Xom.
You were a plaything of Xom.
You visited 2 branches of the dungeon, and saw 9 of its levels.

You collected 459 gold pieces.
You spent 187 gold pieces at shops.

Inventory:

Hand Weapons
 p - the +10 broad axe "Ileunam" (weapon) {chaos, rElec rF- Will+ MP+9}
   (Xom gifted it to you on level 2 of the Dungeon)

   rF-:       It makes you vulnerable to fire.
   rElec:     It insulates you from electricity.
   Will+:     It increases your willpower.
   MP+9:      It affects your magic capacity (+9).
 F - a +0 antimagic trident (offhand) {Ekveer}
Missiles
 d - 8 javelins
 f - 6 atropa-tipped darts
 g - 18 poisoned darts (quivered)
 s - 12 boomerangs
 G - a curare-tipped dart
Armour
 k - the +5 ring mail of Pan-Flutes (worn) {SInv}
   (You found it on level 7 of the Dungeon)

   SInv:      It lets you see invisible.
 o - a +0 helmet
 y - a +2 hat (worn)
 B - the +0 ring mail of the Nurturing Gods {rElec MP+9}
   (You found it on level 3 of the Dungeon)

   rElec:     It insulates you from electricity.
   MP+9:      It affects your magic capacity (+9).
 C - a +0 plate armour
Wands
 u - a wand of warping (7)
 A - a wand of light (6)
 D - a wand of digging (5)
Scrolls
 b - a scroll of revelation {unknown}
 c - a scroll of butterflies
 e - a scroll of poison
 n - a scroll of torment
 t - 6 scrolls of teleportation
 x - 2 scrolls of fog
 E - a scroll of enchant weapon {unknown}
Potions
 h - 5 potions of haste
 i - a potion of berserk rage {unknown}
 j - a potion of invisibility {unknown}
 m - 3 potions of attraction
 q - a potion of curing
 r - 4 potions of magic
 v - a potion of brilliance {unknown}
 w - a potion of experience {unknown}
 z - 2 potions of cancellation {unknown}


   Skills:
 * Level 6.0 Fighting
 * Level 6.2(7.0) Axes
 * Level 4.5(5.9) Polearms
 * Level 5.1 Armour
 * Level 4.9 Dodging
 + Level 3.4 Stealth
 + Level 3.1 Spellcasting
 + Level 3.5 Alchemy
 + Level 4.2 Evocations


You had 4 spell levels left.
You knew the following spells:

 Your Spells              Type           Power      Damage    Failure   Level
a - Yara's Violent Unrav  Hex/Alch       3%         3d4       99%         5
b - Eringya's Noxious Bo  Alch           5%         4d6       100%        6

Your spell library contained the following spells:

 Spells                   Type           Power      Damage    Failure   Level
 Sting                    Conj/Alch      24%        1d4       19%         1
 Apportation              Tloc           2%         N/A       36%         1
 Necrotise                Necr           4%         1d4       36%         1
 Summon Small Mammal      Summ           4%         N/A       36%         1
 Ensorcelled Hibernation  Hex/Ice        2%         N/A       52%         2
 Maxwell's Portable Pile  Tloc           1%         2d(5-13)  75%         3
 Passwall                 Erth           1%         N/A       75%         3
 Swiftness                Air            1%         N/A       75%         3
 Vhi's Electric Charge    Tloc/Air       2%         N/A       98%         4
 Arcjolt                  Conj/Air       0%         1d10      100%        5
 Plasma Beam              Fire/Air       0%         2x1d10    100%        6
 Maxwell's Capacitive Co  Air            0%         ∞         100%        8
 Chain Lightning          Conj/Air       0%         2d1       100%        9


Dungeon Overview and Level Annotations

Branches:
Dungeon (8/15)             Temple (1/1) D:5
   Lair: D:8-11

Altars:
Ashenzari
Cheibriados
Dithmenos
Elyvilon
Fedhas
Gozag
Hepliaklqana
Kikubaaqudgha
Makhleb
Nemelex Xobeh
Qazlal
Ru
Sif Muna
Trog
Uskayaw
Vehumet
Wu Jian
Xom
Zin
The Shining One

Shops:
D:7 (


Innate Abilities, Weirdness & Mutations

You can wield a second weapon in your off-hand.
It takes a long time for you to wield or remove held weapons.
Your first few attacks do less damage.
You cannot equip rings or amulets.
You are partially covered in iridescent scales. (AC +2)
You possess an exceptional clarity of mind.
Your flesh is cold resistant. (rC+)
Your muscles are strong. (Str +4, Int/Dex -1)


Message History

The wolf bites you.
You take 7 damage, and have 57/76 hp.
You slice the wolf with the +10 broad axe "Ileunam"!!
You kill the wolf!
You barely miss the wolf with your +0 antimagic trident.
You slice the wolf with the +10 broad axe "Ileunam"!!
The wolf is poisoned.
The wolf barely misses you. The wolf misses you.
You completely miss the wolf with the +10 broad axe "Ileunam".
The wolf is almost dead.
You hit the wolf with your +0 antimagic trident.
You kill the wolf!
The steam dragon breathes steam at you. The ball of steam hits you!!
The steam scalds you terribly!
Xom roars with laughter!
Grum hits you from afar with a +0 spear!
You take 29 damage, and have 29/76 hp.
MASSIVE DAMAGE!!
Okay, then.
Okay, then.
It was a potion of curing.
You feel better.
q - a potion of curing;
s - 12 boomerangs You regained 9 hp, and now have 39/76 hp.
Aiming: Warp Space
Press: ? - help, Shift-Dir - straight line, f - steam dragon
Aim: a steam dragon (chance to blink: 64%) Space twists violently!
The rupture engulfs the steam dragon!!
The steam dragon blinks!
The steam dragon is heavily wounded.
The rupture engulfs Grum!
Grum blinks!
Grum is severely wounded.
You are engulfed in a cloud of scalding steam.
You take 7 damage, and have 32/76 hp.
Grum hits you from afar with a +0 spear.
You take 3 damage, and have 29/76 hp.
Xom makes a sudden noise!
You hear a knock.
Grum completely misses you.
You slash Grum with the +10 broad axe "Ileunam"!
You kill Grum!
The steam dragon breathes steam at you. The ball of steam hits you!!!
The steam scalds you terribly!
You die...

........##......................
........##...........##.........
................######...#.....
.......###......##....<.## ....
.[.....##............##.# ..#
...<...#............>...##.
....##.....................
....##..#..................
...####.#......)@.......... ####
..........§......#...
...........§..#.##....
.........§.### ...##
..........D# ............ ...
............. #.. .........##...
####.## ........ .... .....##


You could see a steam dragon (catching breath).

Vanquished Creatures
  Maurice (D:8)
  Prince Ribbit (D:7)
  Grum (D:8)
  Menkaure (D:5)
  A water moccasin (D:6)
  2 sky beasts (D:6)
  2 ice beasts
  An orc warrior (D:7)
  2 black bears (D:6)
  2 ogres
  3 wolves (D:8)
  2 phantoms
  3 kobold brigands
  2 bullfrogs
  A scorpion (D:5)
  3 wights (D:8)
  A bombardier beetle (D:5)
  6 hounds
  2 jellies
  3 orc priests
  A sleepcap (D:4)
  4 iguanas
  8 orc wizards
  Robin (D:2)
  4 gnolls (D:2)
  6 adders
  2 shadow imps
  3 white imps
  3 dart slugs
  17 orcs
  6 endoplasms
  4 giant cockroaches
  15 hobgoblins
  21 kobolds
  6 quokkas
  4 ball pythons
  9 bats
  A frilled lizard (D:1)
  21 goblins
  A hobgoblin zombie (D:2)
  10 rats
187 creatures vanquished.

Vanquished Creatures (collateral kills)
  An ice beast (D:5)
1 creature vanquished.

Vanquished Creatures (others)
  A kobold zombie (D:5)
1 creature vanquished.

Grand Total: 189 creatures vanquished

Notes
Turn   | Place    | Note
-------+----------+-------------------------------------------
     0 | D:1      | ezpacito the Coglin Chaos Knight began the quest for the
                  | Orb.
     0 | D:1      | Reached XP level 1. HP: 18/18 MP: 1/1
    49 | D:1      | Reached skill level 1 in Dodging
    93 | D:1      | Reached XP level 2. HP: 16/24 MP: 2/2
   100 | D:1      | XOM: silly message
   735 | D:1      | Reached XP level 3. HP: 29/29 MP: 3/3
   736 | D:1      | XOM: give mutations
   736 | D:1      | Gained mutation: Your flesh is cold resistant. (rC+) [Xom's
                  | grace]
   736 | D:1      | Gained mutation: Your muscles are strong. (Str +4, Int/Dex
                  | -1) [Xom's grace]
   736 | D:1      | Gained mutation: You are partially covered in iridescent
                  | scales. (AC +2) [Xom's grace]
   830 | D:2      | Noticed Robin
   830 | D:2      | XOM: 3-stop teleportation journey
   853 | D:2      | Reached skill level 1 in Polearms
   853 | D:2      | Reached XP level 4. HP: 26/35 MP: 4/4
   917 | D:2      | XOM: cleaving
   932 | D:2      | Killed Robin
   976 | D:2      | Found a faded altar of an unknown god.
  1054 | D:2      | Reached skill level 1 in Stealth
  1060 | D:2      | Identified the +10 broad axe "Ileunam" {drain, rElec rF-
                  | Will+ MP+9} (Xom gifted it to you on level 2 of the
                  | Dungeon)
  1060 | D:2      | XOM: god gift: +10 broad axe "Ileunam" {chaos, rElec rF-
                  | Will+ MP+9}
  1174 | D:2      | XOM: divination: magic mapping
  1366 | D:2      | Reached skill level 1 in Spellcasting
  1426 | D:2      | Found an opulent altar of Gozag.
  1432 | D:2      | Reached XP level 5. HP: 41/41 MP: 6/6
  1747 | D:3      | Reached XP level 6. HP: 46/48 MP: 7/7
  1813 | D:3      | XOM: god gift: 2 boomerangs
  1825 | D:3      | XOM: 5-stop teleportation journey
  1903 | D:3      | Found a hazy altar of Hepliaklqana.
  2099 | D:3      | XOM: god gift: Xom's Spellbook of the Wary Bounties {god
                  | gift}
  2100 | D:3      | Got Xom's Spellbook of the Wary Bounties {god gift}
  2107 | D:3      | Learned a level 5 spell: Yara's Violent Unravelling
  2155 | D:3      | Identified the +0 ring mail of the Nurturing Gods {rElec
                  | MP+9}
  2225 | D:3      | XOM: summons 2 hostile shadow creatures
  2411 | D:4      | Reached skill level 1 in Evocations
  2642 | D:4      | Reached XP level 7. HP: 52/53 MP: 9/9
  2896 | D:5      | Entered Level 5 of the Dungeon
  2958 | D:5      | XOM: potion effect (invisibility)
  2964 | D:5      | Reached skill level 1 in Alchemy
  2965 | D:5      | XOM: draining
  2994 | D:5      | XOM: cast spell 'Summon Hydra'
  3167 | D:5      | Noticed Menkaure
  3170 | D:5      | Killed Menkaure
  3171 | D:5      | Reached XP level 8. HP: 61/61 MP: 10/10
  3345 | D:5      | Found a staircase to the Ecumenical Temple.
  3485 | D:5      | XOM: summons 5 hostile demons
  3555 | D:5      | XOM: summons 2 friendly demons
  3556 | D:5      | XOM: scenery: summon butterflies
  3799 | Temple   | Entered the Ecumenical Temple
  3833 | D:6      | Found an ornate altar of the Wu Jian Council.
  3845 | D:6      | Found a bloodstained altar of Trog.
  3850 | D:6      | Reached skill level 5 in Axes
  3861 | D:6      | Reached skill level 5 in Fighting
  3875 | D:6      | Learned a level 6 spell: Eringya's Noxious Bog
  3884 | D:6      | Found a stormy altar of Qazlal.
  3918 | D:6      | Reached XP level 9. HP: 51/68 MP: 12/12
  4267 | D:6      | Found a snail-covered altar of Cheibriados.
  4268 | D:6      | Found a white marble altar of Elyvilon.
  4430 | D:7      | Found a glowing golden altar of the Shining One.
  4432 | D:7      | XOM: give mutation
  4432 | D:7      | Gained mutation: You possess an exceptional clarity of
                  | mind. [Xom's grace]
  4509 | D:7      | Noticed Prince Ribbit
  4525 | D:7      | Killed Prince Ribbit
  4740 | D:7      | Found Siepu's Weapon Shop.
  4758 | D:7      | Bought a +0 antimagic trident for 187 gold pieces
  4800 | D:7      | XOM: fake destruction
  4801 | D:7      | XOM: fog
  4820 | D:7      | Identified the +5 ring mail of Pan-Flutes {SInv}
  5065 | D:7      | XOM: noise
  5196 | D:7      | XOM: torment (36/69 hp)
  5660 | D:8      | XOM: enchant monster (bad)
  5701 | D:8      | Noticed Maurice
  5707 | D:8      | Maurice stole 46 poisoned darts
  5708 | D:8      | Maurice stole a blade talisman
  5710 | D:8      | Maurice stole a +0 hand axe of chaos {Gabriela}
  5711 | D:8      | Killed Maurice
  5712 | D:8      | Reached skill level 5 in Armour
  5712 | D:8      | Reached XP level 10. HP: 63/76 MP: 7/14
  5713 | D:8      | Noticed Grum
  5713 | D:8      | XOM: 2-stop teleportation journey
  5724 | D:8      | XOM: noise
  5725 | D:8      | Killed Grum
  5725 | D:8      | Killed from afar by a steam dragon

Illustrated notes

Levels and vault maps discovered:
D:1:      minmay_arrival_stone_box, layout_basic
D:2:      layout_rooms, basic_altar, ebering_ecumenical_altar_mist,
          minmay_randomly_rotated_circles, uniq_robin
D:3:      layout_basic, nicolae_hepliaklqana_hazy_memory, st_stairs_2,
          nicolae_kite_square_tiling_tiny, wad_floor_pattern_1,
          grunt_decor_mini_mirrors, minmay_vboxes
D:4:      cheibrodos_greedy_goblins, layout_rooms,
          chequers_serial_rivers_large_b
D:5:      layout_loops_ring, minmay_temple_entry_mini_moons, st_stairs_9,
          kennysheep_generic_room_7, uniq_menkaure
D:6:      layout_cave_pools, trog_ov_bears_minmay,
          gammafunk_temple_overflow_statue, grunt_temple_overflow_open
D:7:      layout_rooms, tso_oasis_becter, serial_co_window_serial,
          co_window_corner_a, co_window_paths_b, co_window_corner_a,
          co_window_corner_a, co_window_paths_a, co_window_corner_a,
          co_window_paths_a, co_window_of_opportunity_a, co_window_paths_a,
          co_window_corner_cb, co_window_corner_ca, co_window_corner_b,
          co_window_4corner_b, glass_columns_a, glass_columns_b, serial_shops,
          nicolae_shop_bloodbath_and_beyond, uniq_prince_ribbit1
D:8:      layout_cave_pools, serial_shops, shop, hangedman_decor_points,
          uniq_grum, uniq_maurice
Temple:   hellmonk_temple_forest_ring

Skill      XL: |  1  2  3  4  5  6  7  8  9 10 |
---------------+-------------------------------+-----
Dodging        | 1 2 3 4 |  4.9
Armour         | 2 3 4 5 |  5.1
Polearms       | 1 2 3 4 |  4.5
Stealth        | 1 2 3 |  3.4
Spellcasting   | 1 2 3 |  3.1
Axes           | 4 5 6 |  6.2
Evocations     | 1 2 3 4 |  4.2
Fighting       | 4 5 6 |  6.0
Alchemy        | 1 2 3 |  3.5

Action                     |  1- 3 |  4- 6 |  7- 9 | 10-12 || total
---------------------------+-------+-------+-------+-------++-------
  Melee: Hand axe          |    69 |    18 |       |       ||    87
         Dagger            |    61 |     2 |       |       ||    63
         Spear             |       |    94 |   125 |       ||   219
         Broad axe         |       |    68 |   155 |     5 ||   228
         Trident           |       |       |    43 |     3 ||    46
  Evoke: Wand              |       |       |       |     2 ||     2
    Use: Scroll            |       |     5 |     1 |       ||     6
         Potion            |       |       |     4 |     1 ||     5
   Stab: Sleeping          |     1 |     4 |     1 |       ||     6
         Confused          |     1 |       |       |       ||     1
         Invisible         |       |       |     5 |       ||     5
         Paralysed         |       |       |     1 |       ||     1
 Armour: Leather armour    |    51 |    37 |       |       ||    88
         Ring mail         |       |    13 |   115 |     7 ||   135
  Dodge: Dodged            |    58 |    43 |    77 |     3 ||   181

Table legend: (Time is in decaauts)
 A = Elapsed time spent in this place.
 B = Non-inter-level travel time spent in this place.
 C = Inter-level travel time spent in this place.
 D = Time resting spent in this place.
 E = Time spent auto-exploring this place.
 F = Levels seen in this place.
 G = Mean time per level.
                   A        B        C        D        E       F      G
               +--------+--------+--------+--------+--------+-----+--------+
         Total |   5799 |   5451 |    348 |      0 |   4475 |   9 |  644.3 |
       Dungeon |   5797 |   5449 |    348 |      0 |   4475 |   8 |  724.6 |
        Temple |      1 |      1 |      0 |      0 |      0 |   1 |    1.0 |
               +--------+--------+--------+--------+--------+-----+--------+

Top non-repeatable levels by time:
     D:7: 1225 daAuts
     D:5: 940 daAuts
     D:1: 829 daAuts
     D:3: 821 daAuts
     D:2: 709 daAuts
     D:4: 588 daAuts
     D:6: 548 daAuts
     D:8: 134 daAuts
  Temple: 1 daAuts
